Condors vs Admirals
Created - June 2, 2022 at 19:00
Goals
|
| Condors |
0 |
3 |
1 |
4 |
| Admirals |
0 |
1 |
1 |
2 |
|
Shots
|
| Condors |
6 |
8 |
10 |
24 |
| Admirals |
10 |
7 |
8 |
25 |
|
1st period
No Goal
Penalties :
Alexandre Carrier (Bak) for Hooking (Minor) at 2:29
2nd period
1. Condors , Daniel Zaar 28 (Mark Jankowski 34, Robby Fabbri 31) at 5:47
2. Condors , Kiefer Sherwood 15 (Louis Leblanc 16, Carl Gunnarsson 31) at 18:05
3. Condors , Adam Erne 32 (Phil McRae 2) at 18:56
4. Admirals , Hunter Shinkaruk 10 (Travis Dermott 31, Kasper Bjorkqvist 20) at 19:53
Penalties :
Jesse Puljujarvi (Bak) for Hooking (Minor) at 1:08, Anton Gustafsson (Mil) for Tripping (Minor) at 11:23
3rd period
5. Condors , Phil McRae 5 (Adam Erne 22) at 9:11
6. Admirals , Nicolas Kerdiles 66 (Anton Gustafsson 25) at 12:56 (PP)
Penalties :
Nicolas Kerdiles (Mil) for Tripping (Minor) at 3:52, Joel Armia (Mil) for Hooking (Minor) at 10:30, Kiefer Sherwood (Bak) for Hooking (Minor) at 12:51
Goalie Stats
Carter Hart (Bak), 23 saves from 25 shots - (0.920), W, 31-19-0, 60:00 minutes
Tristan Jarry (Mil), 20 saves from 24 shots - (0.833), L, 19-20-5, 60:00 minutes
Players Stats for Condors
Player Name G A P +/- PIM S H SB GA TA FO MP PP MP PK MP
------------------------------------------------------------------------------------
Adam Erne 1 1 2 2 0 4 1 0 0 1 0/0 12:21 2:40 0:00
Alexandre Carrier 0 0 0 1 2 0 0 1 1 1 0/0 14:54 0:00 0:00
Anton Slepyshev 0 0 0 -1 0 6 2 1 0 0 0/1 18:59 3:07 1:59
Brett Lernout 0 0 0 1 0 0 1 2 0 0 0/0 21:49 2:16 0:00
Carl Gunnarsson 0 1 1 1 0 1 1 1 1 1 0/0 24:18 3:41 1:53
Chris Bigras 0 0 0 1 0 0 1 0 0 0 0/0 20:45 3:41 1:58
Christian Thomas 0 0 0 1 0 0 0 0 0 2 1/1 10:11 0:10 0:41
Daniel Zaar 1 0 1 1 0 4 2 2 1 0 0/0 19:42 3:07 0:00
Gustav Olofsson 0 0 0 1 0 0 1 1 0 0 0/0 6:32 0:00 0:12
Jesse Puljujarvi 0 0 0 -1 2 1 1 0 0 1 1/1 14:51 0:10 0:00
Kiefer Sherwood 1 0 1 1 2 2 0 0 0 1 0/0 9:15 0:00 0:00
Louis Leblanc 0 1 1 1 0 0 0 0 0 0 1/2 9:46 0:00 0:26
Mark Jankowski 0 1 1 1 0 0 0 1 1 2 12/22 20:29 2:40 1:23
Phil McRae 1 1 2 2 0 2 1 1 0 0 1/5 12:12 0:10 2:06
Philippe Myers 0 0 0 0 0 0 0 0 0 1 0/0 12:59 0:00 1:58
Robby Fabbri 0 1 1 1 0 3 3 0 0 0 0/0 20:37 2:40 1:31
Scott Mayfield 0 0 0 1 0 0 3 3 0 1 0/0 18:47 2:16 2:05
Tyler Bozak 0 0 0 -1 0 1 2 0 1 0 6/10 17:06 3:07 0:00
Tyson Jost 0 0 0 2 0 0 1 0 0 0 0/0 10:21 0:00 0:00
Players Stats for Admirals
Player Name G A P +/- PIM S H SB GA TA FO MP PP MP PK MP
------------------------------------------------------------------------------------
Anton Gustafsson 0 1 1 -1 2 2 2 0 3 0 12/24 19:58 2:08 2:04
Blake Geoffrion 0 0 0 -1 0 0 1 1 0 1 0/0 16:10 1:46 1:19
Brett Connolly 0 0 0 0 0 4 2 0 0 0 1/1 12:14 0:09 0:00
Carl Dahlstrom 0 0 0 -1 0 0 1 1 0 0 0/0 13:57 0:00 0:00
Christian Djoos 0 0 0 -1 0 0 0 0 0 1 0/0 13:29 0:00 0:00
Freddie Hamilton 0 0 0 -1 0 0 0 0 0 0 1/1 10:33 0:00 1:32
Hunter Shinkaruk 1 0 1 -1 0 1 1 0 0 0 1/1 9:02 0:00 0:15
Joel Armia 0 0 0 -1 2 4 0 0 0 0 1/2 18:47 2:08 0:45
Josh Morrissey 0 0 0 -2 0 2 2 3 0 0 0/0 26:01 2:32 3:16
Kasper Bjorkqvist 0 1 1 -1 0 0 0 0 0 0 0/0 8:47 0:00 0:00
Lucas Wallmark 0 0 0 0 0 1 3 0 0 2 1/2 11:56 0:00 0:18
Mark MacMillan 0 0 0 0 0 0 0 0 0 0 0/0 0:42 0:09 0:00
Mark McNeill 0 0 0 -1 0 0 1 0 2 0 0/1 14:37 1:46 0:00
Markus Granlund 0 0 0 -1 0 1 2 0 1 0 3/9 17:43 1:46 3:04
Mattias Backman 0 0 0 0 0 0 0 0 1 0 0/0 20:02 1:31 2:41
Nicolas Deslauriers 0 0 0 0 0 2 1 0 1 0 0/1 14:11 0:00 2:03
Nicolas Kerdiles 1 0 1 -1 2 6 1 0 1 1 0/0 18:38 2:08 0:34
Olli Juolevi 0 0 0 0 0 0 0 0 0 0 0/0 4:17 0:00 0:00
Riley Barber 0 0 0 0 0 0 0 0 0 0 0/0 0:42 0:09 0:00
T.J Brodie 0 0 0 -2 0 1 1 2 0 0 0/0 22:24 2:32 3:16
Travis Dermott 0 1 1 0 0 1 1 1 2 0 0/0 19:50 1:31 2:41
3 Stars
1 - Phil McRae (Bak)
2 - Adam Erne (Bak)
3 - Daniel Zaar (Bak)
Power Play
Condors - 0 on 3 Attempt(s) - 0.00%
Admirals - 1 on 3 Attempt(s) - 33.33%
Penalty Kill
Condors - 2 on 3 Attempt(s) - 66.67%
- Score 0 goal in Penalty Kill
Admirals - 3 on 3 Attempt(s) - 100.00%
- Score 0 goal in Penalty Kill
Team Stat
Condors - Hits : 20 - Faceoff Wins : 22 - Blocked Shots : 13 - Penalty Minutes : 6
Admirals - Hits : 19 - Faceoff Wins : 20 - Blocked Shots : 8 - Penalty Minutes : 6
Official
Referees : Tom Chmielewski and Gord Dwyer
Linesman : Jesse Marquis and Steve Barton
Game Notes
No Game Note
Finance
Level 1 -- Attendance: 1855 (92.75%) -- Ticket Income $64,925
Level 2 -- Attendance: 1000 (100.00%) -- Ticket Income $15,000
Total Attendance: 2855 (95.17%)
Total Ticket Income: $79,925
Other Income: $3,996
Total Income: $83,921
Condors
5 vs 5 Forward
Center Left Wing Right Wing Time % Phy DF OF
1 Mark Jankowski Robby Fabbri Daniel Zaar 40 1 2 2
2 Tyler Bozak Anton Slepyshev Jesse Puljujarvi 30 1 2 2
3 Phil McRae Tyson Jost Adam Erne 20 1 2 2
4 Louis Leblanc Christian Thomas Kiefer Sherwood 10 1 2 2
5 vs 5 Defense
Defense Defense Time % Phy DF OF
1 Carl Gunnarsson Brett Lernout 40 1 2 2
2 Chris Bigras Scott Mayfield 30 1 2 2
3 Alexandre Carrier Philippe Myers 20 1 2 2
4 Gustav Olofsson Alexandre Carrier 10 1 2 2
PowerPlay Forward
Center Left Wing Right Wing Time % Phy DF OF
1 Tyler Bozak Anton Slepyshev Daniel Zaar 60 1 2 2
2 Mark Jankowski Robby Fabbri Adam Erne 40 1 2 2
PowerPlay Defense
Defense Defense Time % Phy DF OF
1 Carl Gunnarsson Chris Bigras 60 1 2 2
2 Brett Lernout Scott Mayfield 40 1 2 2
Penalty Kill 4 Players Forward
Center Wing Time % Phy DF OF
1 Phil McRae Anton Slepyshev 60 1 2 2
2 Mark Jankowski Robby Fabbri 40 1 2 2
Penalty Kill 4 Players Defense
Defense Defense Time % Phy DF OF
1 Carl Gunnarsson Scott Mayfield 60 1 2 2
2 Chris Bigras Philippe Myers 40 1 2 2
Penalty Kill - 3 Players Forward
Forward Time % Phy DF OF
1 Tyler Bozak 60 1 2 2
2 Mark Jankowski 40 1 2 2
Penalty Kill - 3 Players Defense
Defense Defense Time % Phy DF OF
1 Carl Gunnarsson Alexandre Carrier 60 1 2 2
2 Chris Bigras Scott Mayfield 40 1 2 2
4 vs 4 Forward
Center Wing Time % Phy DF OF
1 Tyler Bozak Anton Slepyshev 60 1 2 2
2 Mark Jankowski Robby Fabbri 40 1 2 2
4 vs 4 Defense
Defense Defense Time % Phy DF OF
1 Carl Gunnarsson Alexandre Carrier 60 1 2 2
2 Chris Bigras Scott Mayfield 40 1 2 2
Last Minutes Offensive
Center Left Wing Right Wing Defense Defense
Tyler Bozak Anton Slepyshev Daniel Zaar Carl Gunnarsson Scott Mayfield
Last Minutes Defensive
Center Left Wing Right Wing Defense Defense
Tyler Bozak Anton Slepyshev Daniel Zaar Carl Gunnarsson Scott Mayfield
Goaltenders
Starting : Carter Hart
Backup : Mark Visentin
Extra Forwards
Normal : Robby Fabbri, Jesse Puljujarvi, Tyson Jost - PP : Robby Fabbri, Phil McRae - PK : Robby Fabbri
Extra Defensemen
Normal : Chris Bigras, Gustav Olofsson, Philippe Myers - PP : Philippe Myers - PK : Philippe Myers, Gustav Olofsson
Penalty Shots
Tyler Bozak, Anton Slepyshev, Mark Jankowski, Daniel Zaar, Robby Fabbri
Scratches
Anders Bjork (Healthy), Cole Cassels (Healthy), Colin White (Healthy), Connor Hurley (Healthy), Emil Djuse (Healthy)
Jeremy Gregoire (Healthy), Jordan Subban (Healthy), Remi Elie (Healthy), Zac Leslie (Bruised Right Shoulder Injury), Clayton Keller (Healthy)
Nikolai Knyzhov (Healthy), Lucas Johansen (Healthy), Jack Campbell (Healthy)
Admirals
5 vs 5 Forward
Center Left Wing Right Wing Time % Phy DF OF
1 Anton Gustafsson Nicolas Kerdiles Joel Armia 40 1 2 2
2 Markus Granlund Blake Geoffrion Mark McNeill 30 1 2 2
3 Lucas Wallmark Nicolas Deslauriers Brett Connolly 20 1 2 2
4 Freddie Hamilton Hunter Shinkaruk Kasper Bjorkqvist 10 1 2 2
5 vs 5 Defense
Defense Defense Time % Phy DF OF
1 Josh Morrissey T.J Brodie 40 1 2 2
2 Mattias Backman Travis Dermott 30 1 2 2
3 Christian Djoos Carl Dahlstrom 20 1 2 2
4 Olli Juolevi Josh Morrissey 10 1 2 2
PowerPlay Forward
Center Left Wing Right Wing Time % Phy DF OF
1 Anton Gustafsson Nicolas Kerdiles Joel Armia 60 1 2 2
2 Markus Granlund Blake Geoffrion Mark McNeill 40 1 2 2
PowerPlay Defense
Defense Defense Time % Phy DF OF
1 Josh Morrissey T.J Brodie 60 1 2 2
2 Mattias Backman Travis Dermott 40 1 2 2
Penalty Kill 4 Players Forward
Center Wing Time % Phy DF OF
1 Anton Gustafsson Markus Granlund 60 1 2 2
2 Nicolas Kerdiles Joel Armia 40 1 2 2
Penalty Kill 4 Players Defense
Defense Defense Time % Phy DF OF
1 Josh Morrissey T.J Brodie 60 1 2 2
2 Mattias Backman Travis Dermott 40 1 2 2
Penalty Kill - 3 Players Forward
Forward Time % Phy DF OF
1 Anton Gustafsson 60 1 2 2
2 Markus Granlund 40 1 2 2
Penalty Kill - 3 Players Defense
Defense Defense Time % Phy DF OF
1 Josh Morrissey T.J Brodie 60 1 2 2
2 Mattias Backman Travis Dermott 40 1 2 2
4 vs 4 Forward
Center Wing Time % Phy DF OF
1 Anton Gustafsson Markus Granlund 60 1 2 2
2 Nicolas Kerdiles Joel Armia 40 1 2 2
4 vs 4 Defense
Defense Defense Time % Phy DF OF
1 Josh Morrissey T.J Brodie 60 1 2 2
2 Mattias Backman Travis Dermott 40 1 2 2
Last Minutes Offensive
Center Left Wing Right Wing Defense Defense
Anton Gustafsson Nicolas Kerdiles Joel Armia Josh Morrissey T.J Brodie
Last Minutes Defensive
Center Left Wing Right Wing Defense Defense
Anton Gustafsson Nicolas Kerdiles Joel Armia Josh Morrissey T.J Brodie
Goaltenders
Starting : Tristan Jarry
Backup : Felix Sanstrom
Extra Forwards
Normal : Riley Barber, Mark MacMillan, Nicolas Deslauriers - PP : Riley Barber, Mark MacMillan - PK : Nicolas Deslauriers
Extra Defensemen
Normal : Christian Djoos, Carl Dahlstrom, Olli Juolevi - PP : Christian Djoos - PK : Carl Dahlstrom, Olli Juolevi
Penalty Shots
Anton Gustafsson, Markus Granlund, Nicolas Kerdiles, Joel Armia, Blake Geoffrion
Scratches
Adam Almquist (Healthy), Alexandre Mallet (Healthy), Andreas Englund (Healthy), Chris Lawrence (Healthy), Filip Chlapik (Healthy)
Josh Wesley (Healthy), Ryan Olsen (Healthy), Sergei Zborovskiy (Healthy), Stanislav Galiev (Healthy), Trevor Van Riemsdyk (Strained Right Knee Injury)
Troy Bourke (Healthy), Carsen Twarynski (Healthy), Libor Hajek (Healthy), Linus Ullmark (Healthy)
% Time on Ice - Condors
Lines # - Real PCT - Wanted PCT - Time Play
Normal Forward
1 - 35% - 40% - 17:27
2 - 28% - 30% - 13:50
3 - 19% - 20% - 9:27
4 - 19% - 10% - 9:16
Normal Defense
1 - 40% - 40% - 20:02
2 - 28% - 30% - 14:00
3 - 20% - 20% - 10:09
4 - 12% - 10% - 5:49
PP Forward
1 - 55% - 60% - 3:17
2 - 45% - 40% - 2:40
PP Defense
1 - 62% - 60% - 3:41
2 - 38% - 40% - 2:16
PK Forward
1 - 66% - 60% - 2:40
2 - 34% - 40% - 1:23
PK Defense
1 - 51% - 60% - 2:05
2 - 49% - 40% - 1:58
PK3 Forward
1 - 0% - 60%
2 - 0% - 40%
PK3 Defense
1 - 0% - 60%
2 - 0% - 40%
44 Forward
1 - 0% - 60%
2 - 0% - 40%
44 Defense
1 - 0% - 60%
2 - 0% - 40%
Last Minute Offensive - 0:00
Last Minute Defensive - 0:00
Total
Forward - 60:00
Defense - 60:00
|
% Time on Ice - Admirals
Lines # - Real PCT - Wanted PCT - Time Play
Normal Forward
1 - 33% - 40% - 16:33
2 - 26% - 30% - 13:02
3 - 23% - 20% - 11:38
4 - 18% - 10% - 8:47
Normal Defense
1 - 33% - 40% - 16:36
2 - 31% - 30% - 15:38
3 - 27% - 20% - 13:29
4 - 9% - 10% - 4:17
PP Forward
1 - 56% - 60% - 2:17
2 - 44% - 40% - 1:46
PP Defense
1 - 63% - 60% - 2:32
2 - 37% - 40% - 1:31
PK Forward
1 - 78% - 60% - 4:38
2 - 22% - 40% - 1:19
PK Defense
1 - 55% - 60% - 3:16
2 - 45% - 40% - 2:41
PK3 Forward
1 - 0% - 60%
2 - 0% - 40%
PK3 Defense
1 - 0% - 60%
2 - 0% - 40%
44 Forward
1 - 0% - 60%
2 - 0% - 40%
44 Defense
1 - 0% - 60%
2 - 0% - 40%
Last Minute Offensive - 0:00
Last Minute Defensive - 0:00
Total
Forward - 60:00
Defense - 60:00
|
Play-by-Play
1st period
0:01 of 1st period - Joel Armia wins face-off versus Mark Jankowski in neutral zone.
0:08 of 1st period - Wrist shot by Anton Gustafsson.
0:08 of 1st period - Deflect By Daniel Zaar.
0:08 of 1st period - Shot Blocked by Daniel Zaar.
0:08 of 1st period - Puck is out of play.
0:09 of 1st period - Anton Gustafsson wins face-off versus Mark Jankowski in Condors zone.
0:50 of 1st period - Snap shot by Josh Morrissey.
0:50 of 1st period - Deflect By Joel Armia.
0:50 of 1st period - Stopped by Carter Hart with a rebound.
0:58 of 1st period - Wrist shot by Mark Jankowski.
0:58 of 1st period - Deflect By Daniel Zaar.
0:58 of 1st period - Shot Misses the Net.
0:58 of 1st period - Puck is out of play.
0:59 of 1st period - Tyler Bozak wins face-off versus Markus Granlund in Admirals zone.
1:25 of 1st period - Lucas Wallmark is hit by Tyson Jost and loses puck.
1:52 of 1st period - Scott Mayfield is hit by Hunter Shinkaruk and loses puck.
2:05 of 1st period - Snap shot by Anton Slepyshev.
2:05 of 1st period - Stopped by Tristan Jarry with a rebound.
2:29 of 1st period - Minor Penalty to Alexandre Carrier for Hooking.
2:30 of 1st period - Phil McRae wins face-off versus Anton Gustafsson in Condors zone.
2:39 of 1st period - Wrist shot by Anton Slepyshev.
2:39 of 1st period - Shot Blocked by Josh Morrissey.
3:16 of 1st period - Anton Gustafsson is hit by Chris Bigras.
4:29 of 1st period - Penalty to Alexandre Carrier is over, Alexandre Carrier is back on ice.
4:59 of 1st period - Carl Dahlstrom is hit by Tyler Bozak and loses puck.
5:20 of 1st period - Carl Dahlstrom is hit by Tyler Bozak and loses puck.
6:52 of 1st period - Snap shot by Tyler Bozak.
6:52 of 1st period - Shot Blocked by Blake Geoffrion.
6:58 of 1st period - Snap shot by Anton Slepyshev.
6:58 of 1st period - Stopped by Tristan Jarry without a rebound.
6:59 of 1st period - Anton Gustafsson wins face-off versus Tyler Bozak in Admirals zone.
6:59 of 1st period - Anton Gustafsson is hit by Gustav Olofsson.
7:05 of 1st period - Snap shot by Anton Slepyshev.
7:05 of 1st period - Stopped by Tristan Jarry with a rebound.
7:45 of 1st period - Wrist shot by Mark Jankowski.
7:45 of 1st period - Shot Blocked by Travis Dermott.
8:27 of 1st period - Off-side.
8:28 of 1st period - Freddie Hamilton wins face-off versus Mark Jankowski in neutral zone.
8:30 of 1st period - Off-side.
8:31 of 1st period - Anton Gustafsson wins face-off versus Mark Jankowski in neutral zone.
8:36 of 1st period - Wrist shot by Joel Armia.
8:36 of 1st period - Shot Blocked by Daniel Zaar.
9:32 of 1st period - Wrist shot by Anton Slepyshev.
9:32 of 1st period - Stopped by Tristan Jarry with a rebound.
11:16 of 1st period - Snap shot by Tyler Bozak.
11:16 of 1st period - Shot Blocked by Carl Dahlstrom.
12:20 of 1st period - Icing by Christian Djoos.
12:21 of 1st period - Hunter Shinkaruk wins face-off versus Mark Jankowski in Admirals zone.
12:52 of 1st period - Snap shot by Nicolas Kerdiles.
12:52 of 1st period - Stopped by Carter Hart with a rebound.
12:54 of 1st period - Wrist shot by Joel Armia.
12:54 of 1st period - Stopped by Carter Hart with a rebound.
13:53 of 1st period - Snap shot by Josh Morrissey.
13:53 of 1st period - Shot Misses the Net.
13:59 of 1st period - Snap shot by Kiefer Sherwood.
13:59 of 1st period - Stopped by Tristan Jarry without a rebound.
14:00 of 1st period - Markus Granlund wins face-off versus Louis Leblanc in Admirals zone.
14:25 of 1st period - Joel Armia is hit by Scott Mayfield and loses puck.
14:54 of 1st period - Snap shot by Phil McRae.
14:54 of 1st period - Stopped by Tristan Jarry without a rebound.
14:55 of 1st period - Mark Jankowski wins face-off versus Joel Armia in Admirals zone.
15:06 of 1st period - Slapshot by Anton Gustafsson.
15:06 of 1st period - Shot Blocked by Scott Mayfield.
15:08 of 1st period - Slapshot by Joel Armia.
15:08 of 1st period - Stopped by Carter Hart with a rebound.
15:10 of 1st period - Slapshot by Travis Dermott.
15:10 of 1st period - Stopped by Carter Hart with a rebound.
16:05 of 1st period - Slapshot by Nicolas Kerdiles.
16:05 of 1st period - Shot Blocked by Carl Gunnarsson.
16:07 of 1st period - Snap shot by T.J Brodie.
16:07 of 1st period - Stopped by Carter Hart with a rebound.
16:09 of 1st period - Wrist shot by Nicolas Kerdiles.
16:09 of 1st period - Stopped by Carter Hart with a rebound.
16:44 of 1st period - Off-side.
16:45 of 1st period - Louis Leblanc wins face-off versus Markus Granlund in neutral zone.
17:17 of 1st period - Chris Bigras is hit by Josh Morrissey and loses puck.
17:56 of 1st period - Wrist shot by Blake Geoffrion.
17:56 of 1st period - Shot Blocked by Brett Lernout.
18:32 of 1st period - Joel Armia is hit by Scott Mayfield and loses puck.
18:45 of 1st period - Blake Geoffrion is hit by Anton Slepyshev and loses puck.
18:55 of 1st period - Icing by Chris Bigras.
18:56 of 1st period - Lucas Wallmark wins face-off versus Tyler Bozak in Condors zone.
18:57 of 1st period - Snap shot by Nicolas Deslauriers.
18:57 of 1st period - Deflect By Brett Connolly.
18:57 of 1st period - Shot Misses the Net.
18:57 of 1st period - Puck is out of play.
18:58 of 1st period - Mark Jankowski wins face-off versus Lucas Wallmark in Condors zone.
19:25 of 1st period - Snap shot by Anton Gustafsson.
19:25 of 1st period - Stopped by Carter Hart with a rebound.
19:27 of 1st period - Slapshot by Anton Gustafsson.
19:27 of 1st period - Shot Misses the Net.
19:29 of 1st period - Slapshot by Nicolas Kerdiles.
19:29 of 1st period - Stopped by Carter Hart with a rebound.
19:31 of 1st period - Snap shot by Anton Gustafsson.
19:31 of 1st period - Deflect By Nicolas Kerdiles.
19:31 of 1st period - Stopped by Carter Hart without a rebound.
19:32 of 1st period - Markus Granlund wins face-off versus Mark Jankowski in Condors zone.
19:43 of 1st period - Mattias Backman is hit by Robby Fabbri and loses puck.
Goals for this period are 0 for Condors vs 0 for Admirals.
Shots for this period are 6 for Condors vs 10 for Admirals.
2nd period
0:01 of 2nd period - Mark Jankowski wins face-off versus Anton Gustafsson in neutral zone.
0:53 of 2nd period - Wrist shot by Tyler Bozak.
0:53 of 2nd period - Shot Misses the Net.
1:08 of 2nd period - Minor Penalty to Jesse Puljujarvi for Hooking.
1:09 of 2nd period - Anton Gustafsson wins face-off versus Phil McRae in Condors zone.
3:08 of 2nd period - Penalty to Jesse Puljujarvi is over, Jesse Puljujarvi is back on ice.
3:13 of 2nd period - Snap shot by Brett Connolly.
3:13 of 2nd period - Stopped by Carter Hart with a rebound.
3:15 of 2nd period - Slapshot by Josh Morrissey.
3:15 of 2nd period - Shot Blocked by Scott Mayfield.
3:55 of 2nd period - Carl Gunnarsson is hit by Brett Connolly and loses puck.
4:02 of 2nd period - Brett Connolly is hit by Carl Gunnarsson and loses puck.
4:40 of 2nd period - Nicolas Kerdiles is hit by Robby Fabbri and loses puck.
5:07 of 2nd period - Alexandre Carrier is hit by Mark McNeill and loses puck.
5:14 of 2nd period - Josh Morrissey is hit by Phil McRae and loses puck.
5:45 of 2nd period - Slapshot by Robby Fabbri.
5:45 of 2nd period - Shot Misses the Net.
5:47 of 2nd period - Snap shot by Mark Jankowski.
5:47 of 2nd period - Deflect By Daniel Zaar.
5:47 of 2nd period - Goal by Daniel Zaar - Condors : 1 - Admirals : 0.
5:48 of 2nd period - Mark Jankowski wins face-off versus Anton Gustafsson in neutral zone.
5:53 of 2nd period - Travis Dermott is hit by Robby Fabbri and loses puck.
6:04 of 2nd period - Snap shot by Mark Jankowski.
6:04 of 2nd period - Shot Misses the Net.
6:36 of 2nd period - Snap shot by Louis Leblanc.
6:36 of 2nd period - Shot Misses the Net.
7:01 of 2nd period - Snap shot by Hunter Shinkaruk.
7:01 of 2nd period - Shot Misses the Net.
7:09 of 2nd period - Christian Thomas is hit by Josh Morrissey and loses puck.
8:29 of 2nd period - Wrist shot by Adam Erne.
8:29 of 2nd period - Stopped by Tristan Jarry with a rebound.
8:31 of 2nd period - Slapshot by Phil McRae.
8:31 of 2nd period - Shot Blocked by T.J Brodie.
8:33 of 2nd period - Slapshot by Scott Mayfield.
8:33 of 2nd period - Shot Misses the Net.
9:22 of 2nd period - Slapshot by Josh Morrissey.
9:22 of 2nd period - Shot Misses the Net.
9:39 of 2nd period - Icing by Robby Fabbri.
9:40 of 2nd period - Mark Jankowski wins face-off versus Markus Granlund in Condors zone.
9:56 of 2nd period - Travis Dermott is hit by Brett Lernout and loses puck.
10:07 of 2nd period - Wrist shot by Daniel Zaar.
10:07 of 2nd period - Stopped by Tristan Jarry without a rebound.
10:08 of 2nd period - Anton Gustafsson wins face-off versus Anton Slepyshev in Admirals zone.
10:21 of 2nd period - Slapshot by Nicolas Kerdiles.
10:21 of 2nd period - Shot Misses the Net.
10:26 of 2nd period - Icing by Anton Slepyshev.
10:27 of 2nd period - Jesse Puljujarvi wins face-off versus Markus Granlund in Condors zone.
10:32 of 2nd period - Slapshot by Mark McNeill.
10:32 of 2nd period - Shot Misses the Net.
10:34 of 2nd period - Snap shot by Mattias Backman.
10:34 of 2nd period - Shot Blocked by Scott Mayfield.
10:36 of 2nd period - Snap shot by Blake Geoffrion.
10:36 of 2nd period - Shot Misses the Net.
10:38 of 2nd period - Wrist shot by Blake Geoffrion.
10:38 of 2nd period - Shot Misses the Net.
10:40 of 2nd period - Snap shot by Markus Granlund.
10:40 of 2nd period - Stopped by Carter Hart with a rebound.
10:42 of 2nd period - Slapshot by Mattias Backman.
10:42 of 2nd period - Shot Misses the Net.
10:52 of 2nd period - Scott Mayfield is hit by Lucas Wallmark and loses puck.
11:01 of 2nd period - Snap shot by Lucas Wallmark.
11:01 of 2nd period - Stopped by Carter Hart without a rebound.
11:02 of 2nd period - Anton Gustafsson wins face-off versus Mark Jankowski in Condors zone.
11:07 of 2nd period - Slapshot by Nicolas Kerdiles.
11:07 of 2nd period - Shot Blocked by Mark Jankowski.
11:23 of 2nd period - Minor Penalty to Anton Gustafsson for Tripping.
11:24 of 2nd period - Tyler Bozak wins face-off versus Nicolas Deslauriers in Admirals zone.
11:25 of 2nd period - Wrist shot by Daniel Zaar.
11:25 of 2nd period - Stopped by Tristan Jarry with a rebound.
11:57 of 2nd period - Wrist shot by Robby Fabbri.
11:57 of 2nd period - Stopped by Tristan Jarry with a rebound.
12:17 of 2nd period - Wrist shot by Blake Geoffrion.
12:17 of 2nd period - Shot Blocked by Brett Lernout.
12:46 of 2nd period - Travis Dermott is hit by Daniel Zaar and loses puck.
13:23 of 2nd period - Penalty to Anton Gustafsson is over, Anton Gustafsson is back on ice.
14:32 of 2nd period - Alexandre Carrier is hit by Anton Gustafsson and loses puck.
14:59 of 2nd period - Anton Slepyshev is hit by Blake Geoffrion and loses puck.
15:33 of 2nd period - Nicolas Kerdiles is hit by Daniel Zaar and loses puck.
15:49 of 2nd period - Snap shot by Brett Connolly.
15:49 of 2nd period - Deflect By Nicolas Deslauriers.
15:49 of 2nd period - Shot Misses the Net.
15:49 of 2nd period - Puck is out of play.
15:50 of 2nd period - Tyler Bozak wins face-off versus Anton Gustafsson in Condors zone.
15:57 of 2nd period - Anton Gustafsson is hit by Scott Mayfield and loses puck.
16:38 of 2nd period - Brett Lernout is hit by Lucas Wallmark and loses puck.
17:04 of 2nd period - Icing by Brett Lernout.
17:05 of 2nd period - Christian Thomas wins face-off versus Anton Gustafsson in Condors zone.
17:22 of 2nd period - Snap shot by Joel Armia.
17:22 of 2nd period - Stopped by Carter Hart with a rebound.
18:05 of 2nd period - Snap shot by Louis Leblanc.
18:05 of 2nd period - Deflect By Kiefer Sherwood.
18:05 of 2nd period - Goal by Kiefer Sherwood - Condors : 2 - Admirals : 0.
18:06 of 2nd period - Markus Granlund wins face-off versus Mark Jankowski in neutral zone.
18:11 of 2nd period - Wrist shot by Markus Granlund.
18:11 of 2nd period - Shot Misses the Net.
18:32 of 2nd period - Tyler Bozak is hit by Lucas Wallmark and loses puck.
18:54 of 2nd period - Wrist shot by Adam Erne.
18:54 of 2nd period - Stopped by Tristan Jarry with a rebound.
18:56 of 2nd period - Snap shot by Adam Erne.
18:56 of 2nd period - Goal by Adam Erne - Condors : 3 - Admirals : 0.
18:57 of 2nd period - Anton Gustafsson wins face-off versus Mark Jankowski in neutral zone.
19:04 of 2nd period - Wrist shot by Joel Armia.
19:04 of 2nd period - Deflect By Nicolas Kerdiles.
19:04 of 2nd period - Stopped by Carter Hart with a rebound.
19:06 of 2nd period - Slapshot by T.J Brodie.
19:06 of 2nd period - Shot Misses the Net.
19:08 of 2nd period - Snap shot by Anton Gustafsson.
19:08 of 2nd period - Shot Misses the Net.
19:10 of 2nd period - Wrist shot by T.J Brodie.
19:10 of 2nd period - Shot Misses the Net.
19:31 of 2nd period - Wrist shot by Markus Granlund.
19:31 of 2nd period - Shot Blocked by Anton Slepyshev.
19:33 of 2nd period - Slapshot by Mark McNeill.
19:33 of 2nd period - Shot Misses the Net.
19:35 of 2nd period - Slapshot by Blake Geoffrion.
19:35 of 2nd period - Shot Misses the Net.
19:37 of 2nd period - Wrist shot by Josh Morrissey.
19:37 of 2nd period - Stopped by Carter Hart with a rebound.
19:51 of 2nd period - Wrist shot by Travis Dermott.
19:51 of 2nd period - Shot Blocked by Alexandre Carrier.
19:53 of 2nd period - Wrist shot by Hunter Shinkaruk.
19:53 of 2nd period - Goal by Hunter Shinkaruk - Condors : 3 - Admirals : 1.
19:54 of 2nd period - Mark Jankowski wins face-off versus Anton Gustafsson in neutral zone.
19:59 of 2nd period - Snap shot by Scott Mayfield.
19:59 of 2nd period - Shot Blocked by T.J Brodie.
Goals for this period are 3 for Condors vs 1 for Admirals.
Shots for this period are 8 for Condors vs 7 for Admirals.
3rd period
0:01 of 3rd period - Mark Jankowski wins face-off versus Anton Gustafsson in neutral zone.
0:37 of 3rd period - Travis Dermott is hit by Anton Slepyshev and loses puck.
0:50 of 3rd period - Carl Gunnarsson is hit by Nicolas Deslauriers and loses puck.
1:28 of 3rd period - Daniel Zaar is hit by T.J Brodie and loses puck.
1:41 of 3rd period - Slapshot by Tyler Bozak.
1:41 of 3rd period - Stopped by Tristan Jarry without a rebound.
1:42 of 3rd period - Tyler Bozak wins face-off versus Markus Granlund in Admirals zone.
1:43 of 3rd period - Snap shot by Anton Slepyshev.
1:43 of 3rd period - Stopped by Tristan Jarry with a rebound.
1:46 of 3rd period - Icing by Mark McNeill.
1:47 of 3rd period - Mark Jankowski wins face-off versus Markus Granlund in Admirals zone.
1:58 of 3rd period - Slapshot by Josh Morrissey.
1:58 of 3rd period - Deflect By Robby Fabbri.
1:58 of 3rd period - Stopped by Carter Hart with a rebound.
2:38 of 3rd period - Wrist shot by Nicolas Deslauriers.
2:38 of 3rd period - Stopped by Carter Hart without a rebound.
2:39 of 3rd period - Mark Jankowski wins face-off versus Mark McNeill in Condors zone.
2:56 of 3rd period - Off-side.
2:57 of 3rd period - Anton Gustafsson wins face-off versus Tyler Bozak in neutral zone.
3:12 of 3rd period - Snap shot by Anton Gustafsson.
3:12 of 3rd period - Stopped by Carter Hart with a rebound.
3:49 of 3rd period - Wrist shot by Adam Erne.
3:49 of 3rd period - Stopped by Tristan Jarry without a rebound.
3:50 of 3rd period - Anton Gustafsson wins face-off versus Mark Jankowski in Admirals zone.
3:52 of 3rd period - Minor Penalty to Nicolas Kerdiles for Tripping.
3:53 of 3rd period - Tyler Bozak wins face-off versus Anton Gustafsson in Admirals zone.
4:01 of 3rd period - Wrist shot by Daniel Zaar.
4:01 of 3rd period - Stopped by Tristan Jarry with a rebound.
4:03 of 3rd period - Slapshot by Carl Gunnarsson.
4:03 of 3rd period - Deflect By Markus Granlund.
4:03 of 3rd period - Stopped by Tristan Jarry with a rebound.
5:52 of 3rd period - Penalty to Nicolas Kerdiles is over, Nicolas Kerdiles is back on ice.
6:05 of 3rd period - Slapshot by Nicolas Deslauriers.
6:05 of 3rd period - Stopped by Carter Hart with a rebound.
6:31 of 3rd period - Philippe Myers is hit by Markus Granlund and loses puck.
6:56 of 3rd period - Kiefer Sherwood is hit by Brett Connolly and loses puck.
7:40 of 3rd period - Wrist shot by Brett Connolly.
7:40 of 3rd period - Stopped by Carter Hart with a rebound.
7:42 of 3rd period - Wrist shot by Brett Connolly.
7:42 of 3rd period - Stopped by Carter Hart without a rebound.
7:43 of 3rd period - Brett Connolly wins face-off versus Phil McRae in Condors zone.
8:29 of 3rd period - Slapshot by Christian Thomas.
8:29 of 3rd period - Shot Misses the Net.
9:11 of 3rd period - Wrist shot by Phil McRae.
9:11 of 3rd period - Goal by Phil McRae - Condors : 4 - Admirals : 1.
9:12 of 3rd period - Mark Jankowski wins face-off versus Anton Gustafsson in neutral zone.
10:08 of 3rd period - Wrist shot by Anton Slepyshev.
10:08 of 3rd period - Deflect By Jesse Puljujarvi.
10:08 of 3rd period - Stopped by Tristan Jarry without a rebound.
10:09 of 3rd period - Tyler Bozak wins face-off versus Anton Gustafsson in Admirals zone.
10:30 of 3rd period - Minor Penalty to Joel Armia for Hooking.
10:31 of 3rd period - Anton Gustafsson wins face-off versus Tyler Bozak in Admirals zone.
12:18 of 3rd period - Chris Bigras is hit by Markus Granlund and loses puck.
12:30 of 3rd period - Penalty to Joel Armia is over, Joel Armia is back on ice.
12:31 of 3rd period - Daniel Zaar is hit by Nicolas Kerdiles and loses puck.
12:51 of 3rd period - Minor Penalty to Kiefer Sherwood for Hooking.
12:52 of 3rd period - Anton Gustafsson wins face-off versus Phil McRae in Condors zone.
12:56 of 3rd period - Slapshot by Nicolas Kerdiles.
12:56 of 3rd period - Goal by Nicolas Kerdiles - Condors : 4 - Admirals : 2.
12:57 of 3rd period - Mark Jankowski wins face-off versus Anton Gustafsson in neutral zone.
13:02 of 3rd period - Snap shot by Robby Fabbri.
13:02 of 3rd period - Shot Misses the Net.
13:04 of 3rd period - Snap shot by Mark Jankowski.
13:04 of 3rd period - Shot Misses the Net.
13:06 of 3rd period - Snap shot by Robby Fabbri.
13:06 of 3rd period - Shot Blocked by Josh Morrissey.
13:08 of 3rd period - Slapshot by Carl Gunnarsson.
13:08 of 3rd period - Shot Blocked by Josh Morrissey.
13:10 of 3rd period - Snap shot by Robby Fabbri.
13:10 of 3rd period - Stopped by Tristan Jarry without a rebound.
13:11 of 3rd period - Mark Jankowski wins face-off versus Anton Gustafsson in Admirals zone.
13:45 of 3rd period - Slapshot by Markus Granlund.
13:45 of 3rd period - Shot Misses the Net.
14:05 of 3rd period - Snap shot by Nicolas Deslauriers.
14:05 of 3rd period - Shot Misses the Net.
14:27 of 3rd period - Carl Gunnarsson is hit by Anton Gustafsson and loses puck.
14:54 of 3rd period - Daniel Zaar is hit by Carl Dahlstrom and loses puck.
15:15 of 3rd period - Slapshot by Robby Fabbri.
15:15 of 3rd period - Shot Misses the Net.
15:17 of 3rd period - Wrist shot by Daniel Zaar.
15:17 of 3rd period - Shot Misses the Net.
15:19 of 3rd period - Backhand shot by Robby Fabbri.
15:19 of 3rd period - Stopped by Tristan Jarry without a rebound.
15:20 of 3rd period - Anton Gustafsson wins face-off versus Phil McRae in Admirals zone.
15:54 of 3rd period - Snap shot by Anton Slepyshev.
15:54 of 3rd period - Stopped by Tristan Jarry with a rebound.
16:24 of 3rd period - Anton Gustafsson is hit by Jesse Puljujarvi and loses puck.
16:40 of 3rd period - Tyson Jost is hit by Travis Dermott and loses puck.
17:04 of 3rd period - Slapshot by Josh Morrissey.
17:04 of 3rd period - Shot Blocked by Gustav Olofsson.
17:06 of 3rd period - Slapshot by Josh Morrissey.
17:06 of 3rd period - Shot Misses the Net.
17:08 of 3rd period - Slapshot by Brett Connolly.
17:08 of 3rd period - Stopped by Carter Hart with a rebound.
18:21 of 3rd period - Slapshot by Mattias Backman.
18:21 of 3rd period - Shot Blocked by Phil McRae.
18:27 of 3rd period - Brett Connolly is hit by Adam Erne and loses puck.
Goals for this period are 1 for Condors vs 1 for Admirals.
Shots for this period are 10 for Condors vs 8 for Admirals.